AoeStats
← 185双开门

Nomad

507698536Analyzed
4v4 RM · 14d ago on Sep 19, 2026· 32m 57s· 8 players
Game mode
Random Map
Map size
231×231
Population
200
Speed
Normal
Resources
Standard
Victory
Conquest
Starting age
Dark Age
Ending age
Imperial Age
RankedLock teamsTeams togetherTeam positionsShared explorationLock speedFull tech treeHidden civsTurbo modeCheats
Victory
Defeat
🇨🇳 Spanish · China
1587
+9
🇨🇳 Berbers · China
1519
+11
🇨🇳 Saracens · China
1506
+12
🇨🇳 Wei · China
1429
+15
🇩🇪 Bengalis · Germany
1468
-14
🇲🇦 Khmer · Morocco
1419
-12
🇨🇳 Malians · China
1418
-12
🇨🇱 Inca · Chile
1345
-9
wayneid
2:58 Loom
13:34 Feudal Age
17:21 Castle Age
15:31 Stone Mining
15:27 Double-Bit Axe
16:19 Gold Mining
16:53 Fishing Lines
18:40 Bow Saw
19:40 Bloodlines
19:31 Husbandry
19:16 Horse Collar
25:59 Heavy Plow
26:22 Light Cavalry
28:03 Scale Barding Armor
29:06 Wheelbarrow
30:27 Chain Barding Armor
31:40 Hand Cart
33:32 Tusk Swords
b4ron1
4:09 Loom
14:23 Feudal Age
18:06 Castle Age
17:41 Fishing Lines
17:48 Double-Bit Axe
sam666
5:00 Loom
5:08 Loom
13:26 Feudal Age
14:56 Fishing Lines
17:46 Castle Age
15:56 Double-Bit Axe
18:39 Gillnets
19:00 Medium Warships
19:19 Bow Saw
23:43 Demolition Ship
24:34 Horse Collar
29:04 Wheelbarrow
29:27 Bloodlines
29:18 Husbandry
30:23 Scale Barding Armor
31:38 Chain Barding Armor
32:43 Fletching
Hennessy
7:14 Loom
13:45 Feudal Age
17:46 Castle Age
16:02 Double-Bit Axe
19:04 Horse Collar
19:26 Town Watch
20:14 Heavy Plow
20:28 Bow Saw
20:20 Town Patrol
20:41 Fletching
23:49 Wheelbarrow
25:09 Hand Cart
25:09 Heavy Plow
26:19 Gold Mining
28:06 Stone Mining
28:51 Gold Shaft Mining
32:50 Imperial Age
31:05 Stone Shaft Mining
30:31 Bodkin Arrow
30:55 Forging
30:45 Scale Mail Armor
32:53 Iron Casting
185双开门
4:44 Loom
15:24 Feudal Age
16:31 Double-Bit Axe
16:33 Town Watch
16:44 Gold Mining
17:58 Wheelbarrow
18:07 Forging
19:57 Fishing Lines
22:49 Castle Age
21:00 Horse Collar
23:12 Stone Mining
23:45 Medium Warships
23:34 Gillnets
23:56 Bow Saw
30:01 Stone Shaft Mining
30:02 Gold Shaft Mining
30:42 Gold Shaft Mining
30:46 Hand Cart
31:31 Scale Barding Armor
31:54 Town Patrol
32:08 Heavy Plow
33:20 Tuntian
33:42 Chain Barding Armor
33:57 Iron Casting
shenxu
11:44 Loom
14:05 Feudal Age
17:40 Castle Age
15:28 Fishing Lines
15:34 Double-Bit Axe
16:33 Horse Collar
18:52 Bow Saw
18:57 Gillnets
19:36 Heavy Plow
20:50 Wheelbarrow
22:35 Hand Cart
28:25 Imperial Age
26:32 Scale Barding Armor
26:18 Gold Mining
26:19 Stone Mining
26:39 Town Watch
27:35 Chain Barding Armor
28:21 Bloodlines
28:11 Husbandry
28:22 Forging
28:28 Cavalier
29:44 Plate Barding Armor
29:49 Paladin
31:28 Iron Casting
33:15 Blast Furnace
33:08 Conscription
给你一棒槌
11:42 Loom
14:10 Feudal Age
17:43 Castle Age
15:39 Double-Bit Axe
18:12 Town Watch
18:41 Bow Saw
19:47 Wheelbarrow
18:55 Fishing Lines
20:11 Horse Collar
21:13 Wheelbarrow
23:29 Sanctity
25:07 Gold Mining
30:09 Heavy Plow
雀巢阿帆
7:31 Loom
13:52 Feudal Age
17:45 Castle Age
20:37 Fletching
21:28 Double-Bit Axe
22:11 Fishing Lines
24:28 Gold Mining
25:21 Wheelbarrow
25:09 Bodkin Arrow
25:34 Padded Archer Armor
29:46 Leather Archer Armor
33:04 Ballistics
Connection lost

Rejoining the realm…

Still unreachable

The connection could not be restored.

Session expired

The server has moved on; the page needs a fresh start.